 Dungeon Crawl Stone Soup version 0.31.0-11-ge490571c62 (webtiles) character file.

Game seed: 8635852530530366428

287684 unlimited1921 the Sorcerer (level 21, -9/132 HPs)
             Began as a Djinni Fire Elementalist on Jan 28, 2024.
             Was a High Priest of Ashenzari.
             Killed from afar by a storm dragon (36 damage)
             ... with a bolt of lightning
             ... on level 2 of the Vaults on Jan 29, 2024.
             The game lasted 08:27:58 (52460 turns).

unlimited1921 the Sorcerer (DjFE)                  Turns: 52460, Time: 08:27:58

Health: -9/132     AC: 20    Str:  7    XL:     21   Next: 99%
Gold:   1069       EV: 14    Int: 33    God:    Ashenzari [*****.] SH: 25 Dex: 20

rFire   + + .        J - +2 rapier "Sublime Dismay" {venom, Fort, Self} (curse)
rCold   + + +        E - +4 kite shield "I Foresaw This" {Fort, Cun} (curse)
rNeg    . . .        C - +4 chain mail {rPois}
rPois   ∞            o - +0 helmet "Share My Dismay" {Sorc, Elem} (curse)
rElec   .            q - +0 cloak "Behold Eternity" {rC++ Will+, Elem, Self} (curse)
rCorr   .            x - +0 pair of gloves
SInv    +            (boots unavailable)
Will    +++..        G - amulet of Ashenzari's Sorrow {Reflect rC+++ Will- Regen+ SH+5 Stlth-, Cun, Bglg} (curse)
Stlth   +            r - ring "Vexation of Ashenzari" {Will+ EV+5 Dex+5, Self, Fort} (curse)
HPRegen 1.22/turn    R - ring "Enlightened Burden" {Int+6, Fort, Bglg} (curse)
MPRegen 0.00/turn

%: reflection, clarity, infuse magic (-10 HP)
@: marked, flying, studying 2 skills
A: sickness immunity, fire resistance 2, cold vulnerability 1, float, innate
caster, HP casting, extra vitality 1, deformed body, inability to read after
injury 1
}: 1/15 runes: serpentine
a: Renounce Religion, Curse Item, Shatter the Chains


You were on level 2 of the Vaults.
You worshipped Ashenzari.
Ashenzari was extremely pleased with you.
You visited 9 branches of the dungeon, and saw 36 of its levels.
You also visited: Bailey.

You collected 3760 gold pieces.
You spent 2691 gold pieces at shops.

Inventory:

Hand Weapons
 i - a +1 war axe of electrocution
 J - the cursed +2 rapier "Sublime Dismay" (weapon) {venom, Fort, Self}
   (You found it in a bailey)

   It has a curse which improves the following skills: Fortitude: Armour and
   Shields.
   Introspection: Fighting and Spellcasting.
 P - a +2 trident of holy wrath
 T - a +0 double sword of freezing
Armour
 c - a +0 troll leather armour
 k - a +0 kite shield of protection
 o - the cursed +0 helmet "Share My Dismay" (worn) {Sorc, Elem}
   (You found it on level 3 of the Dungeon)

   It has a curse which improves the following skills: Sorcery: Conjurations and
   Alchemy.
   Elements:  Fire Magic, Ice Magic, Air Magic and Earth Magic.
 p - a +0 pair of gloves
 q - the cursed +0 cloak "Behold Eternity" (worn) {rC++ Will+, Elem, Self}
   (You found it on level 3 of the Dungeon)

   rC++:      It greatly protects you from cold.
   Will+:     It increases your willpower.
   It has a curse which improves the following skills: Elements: Fire Magic, Ice
   Magic, Air Magic and Earth Magic.
   Introspection: Fighting and Spellcasting.
 x - a +0 pair of gloves (worn)
 C - a +4 chain mail of poison resistance (worn)
 E - the cursed +4 kite shield "I Foresaw This" (worn) {Fort, Cun}
   (You found it on level 1 of the Lair of Beasts)

   It has a curse which improves the following skills: Fortitude: Armour and
   Shields.
   Cunning:   Dodging and Stealth.
 I - a +1 tower shield of reflection
 U - a +0 troll leather armour
Jewellery
 j - a ring of willpower
 r - the cursed ring "Vexation of Ashenzari" (left hand) {Will+ EV+5 Dex+5, Self, Fort}
   (You bought it in a shop on level 1 of the Snake Pit)

   [ring of evasion]

   EV+5:      It affects your evasion (+5).
   Dex+5:     It affects your dexterity (+5).
   Will+:     It increases your willpower.
   It has a curse which improves the following skills: Introspection: Fighting
   and Spellcasting.
   Fortitude: Armour and Shields.
 G - the cursed amulet of Ashenzari's Sorrow (around neck) {Reflect rC+++ Will- Regen+ SH+5 Stlth-, Cun, Bglg}
   (You acquired it in a bailey)

   [amulet of reflection]

   Reflect:   It reflects blocked missile attacks.
   rC+++:     It renders you almost immune to cold.
   Will-:     It decreases your willpower.
   Regen+:    It increases your rate of health regeneration.
   SH+5:      It affects your SH (+5).
   Stlth-:    It makes you less stealthy.
   It has a curse which improves the following skills: Cunning: Dodging and
   Stealth.
   Beguiling: Hexes and Translocations.
 R - the cursed ring "Enlightened Burden" (right hand) {Int+6, Fort, Bglg}
   (You took it off Erica on level 9 of the Dungeon)

   [ring of intelligence]

   Int+6:     It affects your intelligence (+6).
   It has a curse which improves the following skills: Fortitude: Armour and
   Shields.
   Beguiling: Hexes and Translocations.
Talismans
 a - a granite talisman
Wands
 v - a wand of digging (2)
 y - a wand of acid (10)
 D - a wand of roots (58) (quivered)
 Q - a wand of paralysis (18)
 W - a wand of mindburst (32)
 X - a wand of polymorph (15)
Scrolls
 b - 4 scrolls of butterflies
 d - 8 scrolls of teleportation
 e - 3 scrolls of enchant armour
 g - 3 scrolls of silence
 n - a scroll of brand weapon
 u - a scroll of blinking
 w - 4 scrolls of fog
 F - 4 scrolls of revelation
 N - 2 scrolls of fear
 S - 3 scrolls of poison
Potions
 f - 8 potions of might
 h - 2 potions of resistance
 m - 5 potions of mutation
 s - 5 potions of invisibility
 t - 3 potions of curing
 z - 5 potions of brilliance
 B - 2 potions of cancellation
 K - 2 potions of berserk rage
 L - 6 potions of ambrosia
 V - 6 potions of haste
 Y - 6 potions of enlightenment


   Skills:
 - Level 3.3(6.8) Fighting
 - Level 1.1 Short Blades
 * Level 14.3(19.3) Armour
 * Level 9.8(13.0) Dodging
 * Level 7.8(11.0) Stealth
 * Level 14.4(19.4) Shields
 - Level 23.6(27) Spellcasting
 - Level 22.9(24.7) Conjurations
 - Level 22.9(25.7) Hexes
 - Level 22.9 Summonings
 - Level 23.6 Necromancy
 - Level 22.9(25.7) Translocations
 - Level 22.9(25.7) Fire Magic
 - Level 22.9(25.7) Ice Magic
 - Level 22.9(25.7) Air Magic
 - Level 22.9(25.7) Earth Magic
 - Level 22.9(24.7) Alchemy
 + Level 2.1 Evocations


You knew the following spells:

 Your Spells              Type           Power      Damage    Failure   Level
a - Foxfire               Conj/Fire      100%       2x1d9     0%          1
b - Scorch                Fire           100%       2d9       0%          2
c - Volatile Blastmotes   Fire/Tloc      100%       2d18      0%          3
d - Inner Flame           Hex/Fire       100%       N/A       0%          3
e - Flame Wave            Conj/Fire      100%       2d21      0%          4
f - Summon Small Mammal   Summ           100%       N/A       0%          1
g - Lesser Beckoning      Tloc           100%       N/A       0%          2
h - Mephitic Cloud        Conj/Alch/Air  100%       N/A       0%          3
i - Olgreb's Toxic Radia  Alch           100%       N/A       0%          4
j - Lee's Rapid Deconstr  Erth           60%        3d28*     0%          5
k - Alistair's Intoxicat  Alch           78%        N/A       1%          5
l - Eringya's Noxious Bo  Alch           59%        4d6       1%          6
m - Monstrous Menagerie   Summ           57%        N/A       1%          7
n - Summon Hydra          Summ           57%        N/A       1%          7
o - Maxwell's Capacitive  Air            60%        ∞         2%          8
Your spell library was empty.

Dungeon Overview and Level Annotations

Branches:
Dungeon (15/15)            Temple (1/1) D:7            Lair (5/5) D:11
  Swamp (1/4) Lair:3        Snake (4/4) Lair:3        Slime (3/5) Lair:5
    Orc (2/2) D:10            Elf (3/3) Orc:2        Vaults (2/5) D:13
  Crypt (0/3) Vaults:2     Depths (0/4) D:15         Bailey (visited)

Altars:
Ashenzari
Cheibriados
Dithmenos
Elyvilon
Fedhas
Gozag
Hepliaklqana
Makhleb
Nemelex Xobeh
Okawaru
Qazlal
Ru
Trog
Uskayaw
Wu Jian
Xom
Yredelemnul
Zin
The Shining One
Jiyva

Shops:
D:2 *   D:3 !   D:6 :   D:10 ([*[   D:15 *   Orc:2 [:?*   Elf:1 !   Elf:2 (
Snake:1 ::=

Annotations:
Swamp:1 exclusion: 2 ice statues


Innate Abilities, Weirdness & Mutations

You are immune to sickness and miasma.
You are immune to poison.
Your flesh is very heat resistant. (rF++)
You are vulnerable to cold. (rC-)
You float through the air rather than walking.
You learn spells naturally, not from books.
Your magical power is your life essence.
You have superior vitality. (+4 MHP)
Armour fits poorly on your strangely shaped body.
You occasionally lose the ability to read scrolls when taking damage.


Message History

Your lindwurm dies!
Your lindwurm's corpse disappears in a puff of smoke!
Your manticore bites the storm dragon.
The storm dragon roars deafeningly!
Your manticore claws the storm dragon!
Your manticore claws the storm dragon but does no damage.
Casting: Mephitic Cloud (safe; 0% risk of failure)
Confirm with . or Enter, or press ? or * to list all spells.
Aiming: Lee's Rapid Deconstruction (safe; 0% risk of failure)
Press: ? - help, Dir - move target, p - storm dragon A stone wall.
Okay, then.
Casting: Lee's Rapid Deconstruction (safe; 0% risk of failure)
Confirm with . or Enter, or press ? or * to list all spells.
You begin accumulating electric charge. (Press . to continue charging.)
You feel charge building up...
The storm dragon breathes lightning at you.
The bolt of lightning hits your manticore!!!
Your manticore dies!
Your manticore's corpse disappears in a puff of smoke!
The bolt of lightning hits you!!
* * * LOW HITPOINT WARNING * * *
Unknown command.
Unknown command.
Press: ? - help, v - describe, . - travel
Here: a storm dragon (moderately wounded)
The floor.
Press: ? - help, v - describe, . - travel
Here: a storm dragon (moderately wounded)
The floor.
Unknown command.
Casting: Maxwell's Capacitive Coupling (dangerous; 2% risk of failure)
Confirm with . or Enter, or press ? or * to list all spells.
Okay, then.
You feel much better.
The insufficient charge dissipates harmlessly.
The storm dragon breathes lightning at you.
The bolt of lightning hits you!!!
You die...

,,,,,.....####.........#
#######'######...).....#
......#......#..)......#
.#....#......#[÷...†...#
......#.....†#†).......#
.#....#.G.{))'§........#
....).'.....[#D........#
.#....#...[..#.........#
.!..[.#......#..@......#
.#....#......#.........#
...{..#......#.........#
.#....##################
......# ###############
####### ,* ,* ,*


You could see a storm dragon (catching breath).

Vanquished Creatures
  Vashnia (Snake:2)
  Rupert (Lair:3)
  2 deep elf blademasters
  2 deep elf master archers (Elf:3)
  A sphinx (Vaults:2)
  An acid blob (Elf:1)
  Agnes (Elf:1)
  Kirke (D:12)
  An azure jelly (Elf:1)
  4 nagarajas (Snake:4)
  Aizul (Snake:1)
  A rockslime (Elf:1)
  Roxanne (Snake:1)
  The ghost of MollyMolluskus the Black Belt, an adept OpFi of Wu Jian (Elf:1)
  A fire giant (D:15)
  3 deep elf sorcerers (Elf:3)
  A vault warden (Vaults:2)
  4 orc warlords
  A quicksilver ooze (Elf:1)
  2 deep elf elementalists
  3 ironbound preservers
  A formless jellyfish (Slime:2)
  A deep elf death mage (Elf:3)
  4 deep elf demonologists
  4 deep elf annihilators (Elf:3)
  A dire elephant (Vaults:1)
  An ettin (Orc:2)
  A yaktaur captain (Vaults:1)
  An entropy weaver (shapeshifter) (Elf:1)
  5 vault guards
  5 deep elf high priests (Elf:3)
  Fannar (D:11)
  A salamander tyrant (Snake:2)
  2 ogre magi
  6 centaur warriors
  A merfolk avatar (Lair:5)
  An alligator (Swamp:1)
  9 hydras
  2 ironbound frosthearts (Vaults:2)
  8 anacondas
  The ghost of browni3141 the Spear-Bearer, a journeyman FoDe of Hepliaklqana (D:10)
  A death knight (D:13)
  18 two-headed ogres
  Erica (D:9)
  6 boulder beetles
  6 death yaks (Lair:5)
  6 orc high priests
  16 naga warriors
  20 dancing weapons
  6 shock serpents
  12 naga sharpshooters
  19 deep elf knights
  2 salamander mystics
  3 skeletal warriors (D:15)
  11 mana vipers
  A sea snake (Lair:5)
  2 arcanists (Vaults:1)
  6 naga ritualists
  12 deep trolls
  5 harpies
  9 orc knights
  Pikel (D:4)
  5 lindwurms (Vaults:1)
  7 deep elf archers
  31 deep elf pyromancers
  A necromancer (Vaults:2)
  3 ironbound convokers
  21 deep elf zephyrmancers
  22 ugly things
  8 orc sorcerers
  An oklob plant (Lair:4)
  6 manticores
  3 cyclopes
  18 salamanders
  3 guardian serpents
  4 vault sentinels
  15 elephants
  47 black mambas
  14 naga magi
  7 kobold blastminers (Orc:2)
  A water nymph (shapeshifter) (Elf:1)
  A torpor snail (Lair:5)
  9 cane toads
  Maggie (D:8)
  5 kobold demonologists
  A rime drake (Lair:3)
  An unseen horror (D:13)
  An unseen horror (shapeshifter) (Elf:1)
  6 yaktaurs
  A tengu conjurer (D:13)
  An efreet (D:14)
  16 komodo dragons
  5 trolls
  A queen bee (D:10)
  2 tyrant leeches (Lair:3)
  Prince Ribbit (D:8)
  2 hornets (shapeshifter)
  2 wind drakes (Lair:5)
  The ghost of yetimobile the Trooper, an amateur DjCK of Xom (D:5)
  2 nameless horrors
  2 polar bears
  A hornet (D:9)
  A dream sheep (shapeshifter) (Elf:1)
  20 blink frogs
  A snapping turtle (Lair:5)
  A centaur simulacrum (D:14)
  A glass eye (Elf:1)
  27 slime creatures
  2 air elementals
  3 spriggans (Lair:1)
  A culicivora (shapeshifter) (Elf:2)
  31 yaks
  Sigmund (D:4)
  4 hogs (D:12)
  6 wyverns
  4 water elementals
  2 wraiths
  5 basilisks
  A fire bat (shapeshifter) (D:13)
  A human (D:12)
  Grum (D:9)
  A steam dragon (shapeshifter) (D:13)
  A fire elemental (Elf:3)
  6 golden eyes
  9 vampire mosquitoes
  3 wargs (Orc:1)
  2 swamp worms (Lair:3)
  42 nagas
  Edmund (D:4)
  Duvessa (D:5)
  2 acid dragons (D:10)
  11 water moccasins
  66 orc warriors
  2 ice beasts (D:5)
  A sky beast (D:6)
  2 black bears
  13 ogres
  2 laughing skulls (D:13)
  A boggart (Vaults:2)
  A crocodile (shapeshifter) (D:15)
  26 wolves
  8 centaurs
  2 lemures (D:4)
  A phantom (D:5)
  6 kobold brigands
  11 bullfrogs
  A scorpion (D:5)
  4 earth elementals
  Dowan (D:5)
  12 killer bees
  6 howler monkeys
  9 electric eels
  5 bombardier beetles
  2 hounds
  6 jellies
  33 orc priests
  2 gnoll boudas
  6 iguanas
  2 sleepcaps (D:6)
  18 orc wizards
  6 adders
  21 gnolls
  A shadow imp (Snake:2)
  A white imp (D:6)
  An ufetubus (D:5)
  100 orcs
  A ball python (D:1)
  8 endoplasms
  2 giant cockroaches
  17 goblins
  4 hobgoblins
  2 jackals (D:2)
  3 quokkas
  2 bats
  A frilled lizard (D:3)
  21 kobolds
  5 rats
  3 foxfires
1172 creatures vanquished.

Vanquished Creatures (collateral kills)
  Frederick (Vaults:2)
  2 deep elf blademasters
  2 acid blobs
  2 nagarajas (Snake:4)
  2 azure jellies (Slime:2)
  2 deep elf sorcerers (Elf:3)
  A vault warden (Vaults:2)
  A formless jellyfish (Vaults:2)
  2 quicksilver oozes
  2 ironbound preservers
  An ironbound thunderhulk (Vaults:1)
  2 deep elf death magi (Elf:3)
  3 deep elf demonologists (Elf:3)
  3 dire elephants (Vaults:1)
  A deep elf annihilator (Elf:3)
  A great orb of eyes (Slime:2)
  3 deep elf high priests (Elf:3)
  An entropy weaver (Vaults:2)
  An anaconda (Snake:1)
  2 dancing weapons (Elf:2)
  A naga warrior (Snake:4)
  A naga sharpshooter (Snake:4)
  A deep elf knight (Elf:2)
  A shock serpent (Snake:1)
  2 salamander mystics (Snake:4)
  9 deep trolls
  A mana viper (Snake:4)
  3 naga ritualists (Snake:2)
  An ironbound convoker (Vaults:2)
  A shining eye (Slime:3)
  6 black mambas
  A naga mage (Snake:4)
  9 salamanders
  A guardian serpent (Snake:4)
  An eye of devastation (Slime:1)
  A yaktaur (Vaults:2)
  A nameless horror (Orc:1)
  A tarantella (Vaults:2)
  14 slime creatures
  2 fire elementals
  2 redbacks (Vaults:2)
  18 nagas
  5 foxfires
118 creatures vanquished.

Vanquished Creatures (others)
  Saint Roka (Orc:2)
  Nikola (Snake:1)
  A dancing weapon (Elf:2)
  An arcanist (D:4)
  A bloated husk (Swamp:1)
  1086 foxfires
1091 creatures vanquished.

Grand Total: 2381 creatures vanquished

Notes
Turn   | Place    | Note
-------+----------+-------------------------------------------
     0 | D:1      | unlimited1921 the Djinni Fire Elementalist began the quest
                  | for the Orb.
     0 | D:1      | unlimited1921 set off with the following spells memorised:
                  | Foxfire, Scorch, Volatile Blastmotes, Inner Flame, Flame
                  | Wave.
     0 | D:1      | Reached XP level 1. HP: 15/15 MP: 0/0
   965 | D:1      | Reached XP level 2. HP: 20/21 MP: 0/0
  1935 | D:2      | Reached XP level 3. HP: 13/25 MP: 0/0
  1935 | D:2      | Learned a level 1 spell: Summon Small Mammal
  2371 | D:2      | Found Ovidach's General Store.
  2374 | D:2      | Bought a potion of heal wounds for 60 gold pieces
  4043 | D:3      | Identified the +0 cloak "Zehi" {rC++ Will+}
  4472 | D:3      | Found Manwose's Distillery.
  4480 | D:3      | Bought a potion of heal wounds for 65 gold pieces
  4680 | D:3      | Reached skill level 1 in Armour
  4680 | D:3      | Reached XP level 4. HP: 22/31 MP: 0/0
  4727 | D:3      | Found a shimmering altar of Xom.
  4727 | D:3      | Found an iron altar of Okawaru.
  5074 | D:4      | Reached XP level 5. HP: 27/35 MP: 0/0
  5074 | D:4      | Learned a level 2 spell: Lesser Beckoning
  5414 | D:4      | Found a sacrificial altar of Ru.
  5422 | D:4      | Noticed a lemure
  5422 | D:4      | Noticed a lemure
  5426 | D:4      | Killed a lemure
  5428 | D:4      | Noticed Pikel
  5431 | D:4      | Noticed a lemure
  5434 | D:4      | Noticed a lemure
  5435 | D:4      | Killed a lemure
  5439 | D:4      | Killed Pikel
  5440 | D:4      | Reached XP level 6. HP: 7/41 MP: 0/0
  5440 | D:4      | Reached XP level 7. HP: 8/46 MP: 0/0
  5440 | D:4      | Learned a level 3 spell: Mephitic Cloud
  5441 | D:4      | Noticed Edmund
  6077 | D:4      | Killed Edmund
  6078 | D:4      | Reached XP level 8. HP: 42/51 MP: 0/0
  6148 | D:4      | Reached skill level 5 in Spellcasting
  6148 | D:4      | Reached skill level 5 in Conjurations
  6148 | D:4      | Reached skill level 5 in Hexes
  6148 | D:4      | Reached skill level 5 in Summonings
  6148 | D:4      | Reached skill level 5 in Necromancy
  6148 | D:4      | Reached skill level 5 in Translocations
  6148 | D:4      | Reached skill level 5 in Fire Magic
  6148 | D:4      | Reached skill level 5 in Ice Magic
  6148 | D:4      | Reached skill level 5 in Air Magic
  6148 | D:4      | Reached skill level 5 in Earth Magic
  6148 | D:4      | Reached skill level 5 in Alchemy
  6604 | D:4      | Found a bloodstained altar of Trog.
  6674 | D:4      | Noticed Sigmund
  6682 | D:4      | Killed Sigmund
  7278 | D:4      | Noticed a wizard
  7282 | D:4      | Killed a wizard
  7308 | D:5      | Entered Level 5 of the Dungeon
  7310 | D:5      | Noticed a komodo dragon
  7322 | D:5      | Noticed yetimobile's ghost (amateur DjCK)
  7332 | D:5      | Reached skill level 5 in Armour
  7616 | D:5      | Reached XP level 9. HP: 50/56 MP: 0/0
  7616 | D:5      | Learned a level 4 spell: Olgreb's Toxic Radiance
  7927 | D:5      | Found a glowing silver altar of Zin.
  7937 | D:5      | Noticed Dowan
  7940 | D:5      | Noticed Duvessa
  7946 | D:5      | Killed Duvessa
  7948 | D:5      | Killed Dowan
  8108 | D:5      | Found a transporter.
  8108 | D:5      | Found a transporter.
  8894 | D:6      | Found Gavvuaxu's Self-Improvement Boutique.
  9986 | D:7      | Reached skill level 1 in Fighting
 10101 | D:7      | Found a glowing golden altar of the Shining One.
 10239 | D:7      | Found a flagged portal.
 10247 | Bailey   | Entered a bailey
 10594 | Bailey   | Acquired the amulet of the Final Decision {Reflect rC+++
                  | Will- Regen+ SH+5 Stlth-}
 10720 | Bailey   | Noticed a kobold demonologist
 10765 | Bailey   | Noticed a hellwing
 10771 | Bailey   | Reached XP level 10. HP: 42/63 MP: 0/0
 10771 | Bailey   | Killed a kobold demonologist
 11032 | Bailey   | Noticed a kobold demonologist
 11038 | Bailey   | Killed a kobold demonologist
 11039 | Bailey   | Reached skill level 5 in Stealth
 11062 | Bailey   | Found an iron altar of Okawaru.
 11076 | Bailey   | Identified the +4 chain mail "Zullatam" {+Inv rPois}
 11333 | D:7      | Found a staircase to the Ecumenical Temple.
 11398 | D:7      | Identified the +2 scale mail of Ogadwau {rF+ Str+2}
 11865 | Temple   | Entered the Ecumenical Temple
 11884 | Temple   | Became a worshipper of Ashenzari the Shackled
 12235 | D:8      | Found a hide-covered altar of Uskayaw.
 12334 | D:8      | Found a sparkling altar of Nemelex Xobeh.
 12401 | D:8      | Found a snail-covered altar of Cheibriados.
 12460 | D:8      | Noticed Maggie
 12467 | D:8      | Killed Maggie
 12669 | D:8      | Noticed Prince Ribbit
 12677 | D:8      | Killed Prince Ribbit
 13659 | D:9      | Noticed a kobold demonologist
 13668 | D:9      | Killed a kobold demonologist
 13669 | D:9      | Reached XP level 11. HP: 56/68 MP: 0/0
 13669 | D:9      | Learned a level 5 spell: Lee's Rapid Deconstruction
 13724 | D:9      | Reached skill level 10 in Spellcasting
 13724 | D:9      | Reached skill level 10 in Conjurations
 13724 | D:9      | Reached skill level 10 in Hexes
 13724 | D:9      | Reached skill level 10 in Summonings
 13724 | D:9      | Reached skill level 10 in Necromancy
 13724 | D:9      | Reached skill level 10 in Translocations
 13724 | D:9      | Reached skill level 10 in Fire Magic
 13724 | D:9      | Reached skill level 10 in Ice Magic
 13724 | D:9      | Reached skill level 10 in Air Magic
 13724 | D:9      | Reached skill level 10 in Earth Magic
 13724 | D:9      | Reached skill level 10 in Alchemy
 13744 | D:9      | Noticed a two-headed ogre
 13765 | D:9      | Killed a two-headed ogre
 14142 | D:9      | Noticed Erica
 14153 | D:9      | Killed Erica
 14380 | D:9      | Noticed Grum
 14396 | D:9      | Killed Grum
 14830 | D:10     | Entered Level 10 of the Dungeon
 14830 | D:10     | Found Niemonuc's Antique Weapon Shoppe.
 14909 | D:10     | Found Aqusiqid's Assorted Antiques.
 14917 | D:10     | Bought a scroll labelled JEKOAP ZUOX for 23 gold pieces
 14917 | D:10     | Bought a scroll labelled YGEOBBIOFU for 23 gold pieces
 14917 | D:10     | Bought a golden potion for 20 gold pieces
 14917 | D:10     | Bought a fuming puce potion for 20 gold pieces
 14917 | D:10     | Bought a scroll labelled XIETAS QELO for 23 gold pieces
 15102 | D:10     | Found Xijoomut's Antique Armour Shop.
 15112 | D:10     | Reached * piety under Ashenzari
 15305 | D:10     | Found a transporter.
 15312 | D:10     | Found a transporter.
 15312 | D:10     | Noticed browni3141's ghost (journeyman FoDe)
 15487 | D:10     | Found a staircase to the Orcish Mines.
 15502 | D:10     | Paralysed by an orc for 3 turns
 15616 | D:10     | Noticed a two-headed ogre
 15622 | D:10     | Killed a two-headed ogre
 15623 | D:10     | Reached XP level 12. HP: 71/76 MP: 0/0
 15714 | D:10     | Found Noconu's Armour Shoppe.
 15715 | D:10     | Reached ** piety under Ashenzari
 15947 | Orc:1    | Entered Level 1 of the Orcish Mines
 16127 | Orc:2    | Entered Level 2 of the Orcish Mines
 16155 | Orc:2    | Noticed a two-headed ogre
 16160 | Orc:2    | Killed a two-headed ogre
 16358 | Orc:2    | Noticed Saint Roka
 16370 | Orc:2    | Paralysed by an orc sorcerer for 4 turns
 16392 | Orc:1    | HP: 1/76 [warg[Saint Roka] (14)]
 16461 | Orc:2    | Reached skill level 5 in Dodging
 16604 | D:10     | Killed browni3141's ghost
 16695 | D:11     | Found a staircase to the Lair.
 16750 | D:11     | Reached skill level 1 in Shields
 16806 | D:11     | Noticed a two-headed ogre
 16810 | D:11     | Noticed Fannar
 16813 | D:11     | Killed a two-headed ogre
 16822 | D:11     | Killed Fannar
 17028 | D:11     | Noticed an ogre mage
 17030 | D:11     | Noticed a two-headed ogre
 17030 | D:11     | Noticed a two-headed ogre
 17033 | D:11     | Noticed a two-headed ogre
 17035 | D:11     | Killed a two-headed ogre
 17035 | D:11     | Killed a two-headed ogre
 17036 | D:11     | Reached XP level 13. HP: 65/84 MP: 0/0
 17036 | D:11     | Learned a level 5 spell: Alistair's Intoxication
 17036 | D:11     | Killed an ogre mage
 17585 | D:12     | Noticed Kirke
 17592 | D:12     | Killed Kirke
 17750 | D:12     | You are sucked into a shaft and drop 1 floor!
 17768 | D:13     | Reached *** piety under Ashenzari
 17827 | D:13     | Noticed a centaur warrior
 17848 | D:13     | Noticed a centaur warrior
 17849 | D:13     | Killed a centaur warrior
 17855 | D:13     | Killed a centaur warrior
 18829 | D:12     | Reached skill level 10 in Armour
 18924 | D:13     | Reached skill level 15 in Spellcasting
 18924 | D:13     | Reached skill level 15 in Conjurations
 18924 | D:13     | Reached skill level 15 in Hexes
 18924 | D:13     | Reached skill level 15 in Summonings
 18924 | D:13     | Reached skill level 15 in Necromancy
 18924 | D:13     | Reached skill level 15 in Translocations
 18924 | D:13     | Reached skill level 15 in Fire Magic
 18924 | D:13     | Reached skill level 15 in Ice Magic
 18924 | D:13     | Reached skill level 15 in Air Magic
 18924 | D:13     | Reached skill level 15 in Earth Magic
 18924 | D:13     | Reached skill level 15 in Alchemy
 19312 | D:13     | Reached XP level 14. HP: 54/90 MP: 0/0
 19523 | D:13     | Found a gate to the Vaults.
 19851 | Lair:1   | Entered Level 1 of the Lair of Beasts
 20103 | Lair:1   | Reached **** piety under Ashenzari
 21731 | Lair:3   | Noticed Rupert
 21773 | Lair:3   | Killed Rupert
 22308 | Lair:3   | Reached XP level 15. HP: 71/96 MP: 0/0
 22308 | Lair:3   | Learned a level 6 spell: Eringya's Noxious Bog
 22454 | Lair:3   | Found a staircase to the Swamp.
 22562 | Lair:3   | Found a hide-covered altar of Uskayaw.
 22766 | Lair:3   | Found a staircase to the Snake Pit.
 23180 | Lair:4   | Reached ***** piety under Ashenzari
 23870 | Lair:5   | Entered Level 5 of the Lair of Beasts
 24856 | Lair:5   | Found a viscous altar of Jiyva.
 24859 | Lair:5   | Found a staircase to the Slime Pits.
 24979 | Lair:5   | Identified the serpent talisman of an ossuary {Will- Str+6}
 25269 | Lair:5   | Reached skill level 5 in Shields
 25573 | Swamp:1  | Entered Level 1 of the Swamp
 25573 | Swamp:1  | Found a glacial archway.
 25577 | Swamp:1  | Reached XP level 16. HP: 86/103 MP: 0/0
 25709 | Snake:1  | Entered Level 1 of the Snake Pit
 25709 | Snake:1  | Identified the +8 great sword of Zige {freeze, rF+}
 25894 | Snake:1  | Found a runed translucent gate.
 25895 | Snake:1  | Found a runed translucent gate.
 25943 | Snake:1  | Noticed Roxanne
 26004 | Snake:1  | Noticed Nikola
 26020 | Snake:1  | Reached skill level 1 in Evocations
 26029 | Snake:1  | Killed Nikola
 26225 | Snake:1  | Found a runed translucent gate.
 26728 | Snake:1  | Found Heewn's Jewellery Emporium.
 26728 | Snake:1  | Found Gobog's Book Shop.
 26730 | Snake:1  | Found Vepn's Book Shop.
 26752 | Snake:1  | Bought the ring "Zipago" {Will+ EV+5 Dex+5} for 709 gold
                  | pieces
 26768 | Snake:1  | Identified the serpent talisman of the Doldrums {rC+}
 26768 | Snake:1  | Noticed Aizul
 26777 | Snake:1  | Killed Aizul
 28568 | D:15     | Entered Level 15 of the Dungeon
 28782 | D:15     | Found a staircase to the Depths.
 28783 | D:15     | Noticed a fire giant
 28786 | D:15     | Killed a fire giant
 29108 | D:15     | Found a sacrificial altar of Ru.
 29239 | D:15     | Found Noceagut's General Store.
 29371 | D:15     | Reached XP level 17. HP: 80/108 MP: 0/0
 29371 | D:15     | Learned a level 7 spell: Monstrous Menagerie
 30689 | Orc:2    | Killed Saint Roka
 31017 | Orc:2    | Found Ypopn's Magic Scroll Shop.
 31158 | Orc:2    | Found Davvoa's Assorted Antiques.
 32200 | Orc:2    | Found Vyutoac's Book Boutique.
 32249 | Orc:2    | Found Elyfam's Antique Armour Shop.
 32445 | Orc:2    | Found a staircase to the Elven Halls.
 32513 | Orc:2    | Found the +3 pair of mountain boots {steadfast, rC+}
 32922 | Elf:1    | Entered Level 1 of the Elven Halls
 33005 | Elf:1    | Noticed Agnes
 33022 | Elf:1    | Killed Agnes
 33394 | Elf:1    | Found Quekk's Distillery.
 33416 | Elf:1    | Bought a potion of heal wounds for 90 gold pieces
 33416 | Elf:1    | Bought a potion of heal wounds for 90 gold pieces
 33533 | Elf:1    | Identified the Folio of Terra Cotta
 34167 | Elf:1    | Found a runed translucent gate.
 34168 | Elf:1    | Found a runed translucent gate.
 34203 | Elf:1    | Found a runed translucent gate.
 34203 | Elf:1    | Noticed an acid blob
 34203 | Elf:1    | Noticed MollyMolluskus's ghost (adept OpFi)
 34203 | Elf:1    | Noticed an acid blob
 34207 | Elf:1    | Identified the +0 plate armour "Fettua" {MP+9}
 34208 | Elf:1    | Found a viscous altar of Jiyva.
 34264 | Elf:1    | Killed an acid blob
 34272 | Elf:1    | Killed MollyMolluskus's ghost
 34282 | Elf:1    | Killed an acid blob
 34705 | Elf:2    | Reached XP level 18. HP: 111/116 MP: 0/0
 35462 | Elf:2    | Identified a ring "Toclehe" {rN+ Will+ rCorr MP+9}
 35705 | Elf:2    | Found a runed translucent gate.
 35706 | Elf:2    | Found a runed translucent gate.
 35706 | Elf:2    | Found a runed translucent gate.
 35752 | Elf:2    | Found Xytzou's Antique Weapon Shop.
 35992 | Elf:2    | Noticed a deep elf blademaster
 36020 | Elf:2    | Killed a deep elf blademaster
 36741 | Elf:3    | Entered Level 3 of the Elven Halls
 36851 | Elf:3    | Paralysed by an air elemental for 1 turns
 37280 | Elf:3    | Reached XP level 19. HP: 91/121 MP: 0/0
 37280 | Elf:3    | Learned a level 7 spell: Summon Hydra
 37459 | Elf:3    | Noticed a deep elf blademaster
 37463 | Elf:3    | Gained mutation: Armour fits poorly on your strangely
                  | shaped body. [a cacodemon]
 37468 | Elf:3    | Gained mutation: You occasionally lose the ability to read
                  | scrolls when taking damage. [a cacodemon]
 37483 | Elf:3    | Killed a deep elf blademaster
 37881 | Elf:3    | Noticed a deep elf blademaster
 37886 | Elf:3    | Identified the +0 dire flail of Ignis, Riding {speed,
                  | ^Drain ^Fragile Fly rCorr}
 37984 | Elf:2    | Killed a deep elf blademaster
 38179 | Elf:3    | Identified the +2 ring mail "Sucs" {*Slow rPois rC+ Str+3}
 38179 | Elf:3    | Noticed a deep elf blademaster
 38192 | Elf:3    | Killed a deep elf blademaster
 38236 | Elf:3    | Identified the +1 glaive of Attainder {distort, Dex+3}
 38499 | Elf:3    | Identified the +5 halberd of Upheaval {heavy, rPois rCorr
                  | Int+3}
 38499 | Elf:3    | Identified the +0 leather armour of the Dice {Harm rN++
                  | Slay+3}
 38499 | Elf:3    | Identified the amulet of Mel Diusuu {Reflect rElec rPois
                  | rN+ SH+5}
 39087 | Elf:3    | Identified Sif Muna's Octavo of Reshaped Anemomancy
 39095 | Elf:3    | Identified the staff "Nuileeley" {rElec rPois rN+ Int-4
                  | Dex-3 Necro}
 39156 | Elf:3    | Identified the +1 cloak of the Forgotten Artists {Str+4}
 39180 | Elf:3    | Found the +27 heavy crossbow "Sniper" {heavy, Acc+∞ SInv}
 39182 | Elf:3    | Identified the +7 sling "Ofuts" {freeze, rF++}
 40232 | Snake:1  | Bought a manual of Spellcasting for 1040 gold pieces
 40401 | Snake:1  | Reached skill level 10 in Shields
 40865 | Snake:1  | Killed Roxanne
 40966 | Slime:1  | Entered Level 1 of the Pits of Slime
 42286 | Slime:2  | Reached XP level 20. HP: 60/127 MP: 0/0
 42386 | Slime:2  | HP: 1/127 [rockslime (37)]
 42392 | Slime:2  | HP: 5/127 [acid blob/splash of acid (20)]
 44531 | Snake:2  | Noticed Vashnia
 44613 | Snake:2  | Killed Vashnia
 44940 | Snake:2  | Reached skill level 1 in Short Blades
 46759 | Snake:4  | Entered Level 4 of the Snake Pit
 47383 | Snake:4  | Reached XP level 21. HP: 106/132 MP: 0/0
 47383 | Snake:4  | Learned a level 8 spell: Maxwell's Capacitive Coupling
 48453 | Snake:4  | Got a serpentine rune of Zot
 48970 | D:10     | Bought a hat for 104 gold pieces
 49761 | D:2      | Bought a potion of invisibility for 96 gold pieces
 49761 | D:2      | Bought a potion of haste for 120 gold pieces
 50132 | D:3      | Bought a potion of enlightenment for 65 gold pieces
 50132 | D:3      | Bought a potion of curing for 39 gold pieces
 50132 | D:3      | Bought a potion of invisibility for 104 gold pieces
 50227 | D:5      | Killed yetimobile's ghost
 50387 | D:6      | You are sucked into a shaft and drop 3 floors!
 50642 | Vaults:1 | Entered Level 1 of the Vaults
 52101 | Vaults:2 | Identified the orb "Cozuel" {light, rF- rN+ Str+2 Dex+4}
 52101 | Vaults:2 | Noticed Frederick
 52277 | Vaults:2 | Killed Frederick
 52460 | Vaults:2 | Killed from afar by a storm dragon

Illustrated notes

Levels and vault maps discovered:
D:1:      sevenhm_arrival_forest_fort_small_5, layout_basic
D:2:      layout_loops_corners, serial_shops, nicolae_shop_behind_doors
D:3:      layout_basic, gammafunk_temple_overflow_wave, serial_shops, shop,
          dreamdust_princess_corridor
D:4:      layout_loops_cross, trog_wizard, mainiacjoe_overflow_tiny_flanked,
          st_stairs_14, dk_noncrumbling_4, uniq_sigmund, uniq_edmund, uniq_pikel
D:5:      layout_layer_cave, nicolae_overflow_hidden_temple,
          gammafunk_ghost_arena, uniq_duvessa
D:6:      layout_cave_pools, nicolae_shop_self_help
D:7:      layout_layer_cave, kennysheep_mini_moat, minmay_temple_entry_junction,
          enter_bailey_3, hangedman_decor_push
D:8:      layout_layer_cave, kennysheep_mini, mainiacjoe_overflow_alcove_4,
          slow_altar_1, minmay_misc_feat_ornament, minmay_misc_feat_nine_boxes,
          minmay_unpleasant_kobolds, uniq_prince_ribbit1, uniq_maggie
D:9:      layout_loops_corners, uniq_erica, uniq_grum
D:10:     layout_small_grid, david_orc_2, serial_shops, shop, shop,
          nicolae_stop_n_shop_1, shop, gammafunk_ghost_hive, st_stairs_11
D:11:     nicolae_moon_pools, layout_basic, uniq_fannar
D:12:     layout_rooms, serial_bayou_pond_d, serial_park_tiny_2, minivault_26,
          uniq_kirke
D:13:     layout_basic, david_vaults_5, grunt_ministairs_6,
          roderic_nine_men_s_morris
D:14:     layout_stronghold, serial_bayou_pond_e
D:15:     grunt_enter_depths_giant_problem, layout_basic, serial_shops,
          nicolae_shop_tiny_statue_garden, nicolae_ru_the_path_less_chosen,
          chequers_serial_rivers_micro_c
Temple:   oiseaux_autumnal_temple
Lair:1:   layout_loops_ring, wad_woods_02, serial_bayou_shore_a,
          lemuel_fruit_tree, infiniplex_staircase_pool_2
Lair:2:   layout_hall_layers
Lair:3:   layout_chaotic_city, palyth_hydra_swamp_entry,
          minmay_snake_entry_guardpost_medium, basic_altar,
          infiniplex_staircase_pool, uniq_rupert
Lair:4:   layout_roguey
Lair:5:   gammafunk_lair_ancient_temple, layout_regular_city,
          nicolae_slime_entry_field_trip
Swamp:1:  layout_basic_swamp, portal_ice_cave_entry_ice_statue_two,
          gammafunk_ghost_berserking_beasts, evilmike_swamp_ruin_house_6,
          uniq_donald
Snake:1:  layout_cave_pods, nicolae_snake_horde_hoard, grunt_megastairs_4,
          minmay_shop_grove, uniq_aizul, uniq_roxanne, uniq_nikola
Snake:2:  hangedman_cross_stitches, layout_layer_cave, nicolae_snake_flat_spine,
          uniq_vashnia
Snake:3:  layout_misc_corridors
Snake:4:  minmay_snake_end_coiled, layout_gridlike
Slime:1:  layout_caves
Slime:2:  layout_caves
Slime:3:  layout_caves, uniq_dissolution
Orc:1:    layout_caves, serial_shops, shop, basic_altar
Orc:2:    pubby_orc_utopia, serial_shops, uniq_saint_roka
Elf:1:    eino_elf_arrival_shootout, layout_onion_city, serial_shops, shop,
          gammafunk_ghost_ooze, nicolae_elf_shapeshifter_party, uniq_agnes
Elf:2:    nicolae_elf_blades_crystal_corner, layout_loops_ring, serial_shops,
          nicolae_shop_pleasant_corner_grove, amethyst_killhole,
          serial_library_regret_index_split_case
Elf:3:    minmay_elf_hall_not_hex, layout_gridlike, special_room
          [special_room_orc], minmay_misc_feat_cross, grunt_megastairs_2
Vaults:1: nicolae_vaults_asterisk, nicolae_vaults_tetromino_L_1,
          v_alt_pattern_3, nicolae_vaults_rhombus_6, vaults_dpeg_cross,
          vaults_standard_mumra_lines, hangedman_vaults_hat,
          vaults_mumra_chevron, nicolae_vaults_bisected_exclaves,
          vaults_room_door_hall, vaults_room_grunt_arrival_checkpoint,
          layout_vaults_maze_bifur
Vaults:2: nicolae_vaults_shrinking_rooms_1, v_misc_13,
          nicolae_vaults_ninety_degrees, v_misc_3,
          minmay_crypt_entry_simple_sparse, nicolae_vaults_theta,
          nicolae_vaults_little_squares_6, vaults_room_corners, v_alt_pattern_6,
          nicolae_vaults_surprise_closet, v_misc_22, v_alt_pattern_4,
          nicolae_vaults_apartment_2, nicolae_vaults_holding_cells,
          layout_vaults_omnicross, serial_shops,
          nicolae_shop_bloodbath_and_beyond, uniq_frederick

Skill      XL: |  1  2  3  4  5  6  7  8  9 10 11 12 13 14 15 16 17 18 19 20 21 |
---------------+----------------------------------------------------------------+-----
Stealth        | 2 3 4 5 6 7 |  7.8
Armour         | 1 4 5 7 8 9 10 11 12 13 14 | 14.3
Dodging        | 3 4 5 6 7 8 9 |  9.8
Spellcasting   | 4 6 8 9 11 13 15 16 17 18 20 21 22 23 | 23.6
Conjurations   | 4 6 8 9 11 13 15 16 17 18 20 21 22 | 22.9
Hexes          | 4 6 8 9 11 13 15 16 17 18 20 21 22 | 22.9
Summonings     | 4 6 8 9 11 13 15 16 17 18 20 21 22 | 22.9
Necromancy     | 4 6 8 9 11 13 15 16 17 18 20 21 22 23 | 23.6
Translocations | 4 6 8 9 11 13 15 16 17 18 20 21 22 | 22.9
Fire Magic     | 4 6 8 9 11 13 15 16 17 18 20 21 22 | 22.9
Ice Magic      | 4 6 8 9 11 13 15 16 17 18 20 21 22 | 22.9
Air Magic      | 4 6 8 9 11 13 15 16 17 18 20 21 22 | 22.9
Earth Magic    | 4 6 8 9 11 13 15 16 17 18 20 21 22 | 22.9
Alchemy        | 4 6 8 9 11 13 15 16 17 18 20 21 22 | 22.9
Fighting       | 1 2 3 |  3.3
Shields        | 1 2 5 7 8 9 10 11 14 | 14.4
Evocations     | 1 2 |  2.1
Short Blades   | 1 |  1.1

Action                     |  1- 3 |  4- 6 |  7- 9 | 10-12 | 13-15 | 16-18 | 19-21 || total
---------------------------+-------+-------+-------+-------+-------+-------+-------++-------
  Melee: Rapier            |       |       |       |     3 |     1 |     3 |     7 ||    14
   Cast: Foxfire           |    79 |    14 |   193 |    87 |   152 |    69 |    53 ||   647
         Scorch            |     9 |     6 |    12 |    17 |    21 |    53 |    20 ||   138
         Inner Flame       |       |     3 |    20 |    34 |   101 |    78 |    23 ||   259
         Mephitic Cloud    |       |       |    13 |    33 |    28 |    39 |    27 ||   140
         Olgreb's Toxic Ra |       |       |    29 |   131 |   191 |   184 |    87 ||   622
         Flame Wave        |       |       |     2 |     6 |     7 |     7 |     7 ||    29
         Lee's Rapid Decon |       |       |       |    36 |   143 |   253 |   286 ||   718
         Summon Small Mamm |       |       |       |     2 |       |     1 |       ||     3
         Alistair's Intoxi |       |       |       |       |    13 |    38 |    50 ||   101
         Volatile Blastmot |       |       |       |       |     2 |     1 |       ||     3
         Eringya's Noxious |       |       |       |       |     3 |       |       ||     3
         Monstrous Menager |       |       |       |       |       |    20 |    43 ||    63
         Summon Hydra      |       |       |       |       |       |       |   117 ||   117
         Maxwell's Capacit |       |       |       |       |       |       |    83 ||    83
 Invoke: Curse Item        |       |       |       |     3 |     4 |     2 |       ||     9
         Shatter the Chain |       |       |       |       |     1 |     1 |       ||     2
  Evoke: Wand              |       |       |       |     2 |       |     8 |     5 ||    15
    Use: Scroll            |       |       |     1 |     1 |     6 |     1 |     8 ||    17
         Potion            |       |       |       |     2 |     1 |     4 |    18 ||    25
 Armour: Leather armour    |     2 |     4 |    23 |     5 |       |       |       ||    34
         Scale mail        |       |       |       |    53 |    97 |   104 |     7 ||   261
         Chain mail        |       |       |       |       |       |       |   165 ||   165
         Skin              |       |       |       |       |       |       |     1 ||     1
  Dodge: Dodged            |     4 |     2 |    21 |    34 |    39 |    39 |    68 ||   207
  Block: Other             |       |       |     1 |    11 |     9 |       |       ||    21
         Reflection        |       |       |       |     2 |     1 |    42 |    73 ||   118
         Buckler           |       |       |       |       |     6 |       |       ||     6
         Kite shield       |       |       |       |       |    39 |   171 |   331 ||   541
